 Dungeon Crawl Stone Soup version 0.20.0-7-g3b7b877 (webtiles) character file.

305 grindst0ne the Shield-Bearer (level 6, -2/51 HPs)
             Began as a Formicid Fighter on May 29, 2017.
             Slain by grindst0ne's ghost (11 damage)
             ... on level 3 of the Dungeon.
             The game lasted 00:04:40 (1903 turns).

grindst0ne the Shield-Bearer (Formicid Fighter)     Turns: 1903, Time: 00:04:41

Health: -2/51      AC:  6    Str: 20    XL:     6   Next: 67%
Magic:  6/6        EV:  9    Int:  8    God:
Gold:   121        SH: 11    Dex: 12    Spells: 5/5 levels left

rFire    . . .     SeeInvis +   a - +0 war axe
rCold    . . .     Gourm    .   c - +0 shield
rNeg     . . .     Faith    .   b - +0 scale mail
rPois    .         Spirit   .   (helmet unavailable)
rElec    .         Reflect  .   k - scarf {cloud immunity}
rCorr    .         Harm     .   (no gloves)
MR       .....                  (no boots)
Stlth    +.........             (no amulet)
Regen    0.2/turn               h - ring of stealth
MPRegen  0.1/turn               (no ring)

@: no status effects
A: permanent stasis, dig shafts and tunnels, four strong arms, antennae 3
a: Dig, Shaft Self


You were on level 3 of the Dungeon.
You were not hungry.

You visited 1 branch of the dungeon, and saw 3 of its levels.

You collected 121 gold pieces.

Inventory:

Hand Weapons
 a - a +0 war axe (weapon)
Armour
 b - a +0 scale mail (worn)
 c - a +0 shield (worn)
 k - a scarf of cloud immunity (worn)
Jewellery
 h - a ring of stealth (left hand)
Scrolls
 g - 2 scrolls of remove curse {unknown}
 j - a scroll of teleportation {unknown}
 n - a scroll of fog {unknown}
 s - a scroll of immolation {unknown}
 u - a scroll of amnesia {unknown}
 v - a scroll of recharging {unknown}
 w - 4 scrolls of identify {unknown}
 x - a scroll of fear {unknown}
Potions
 d - a potion of might
 e - a potion of lignification {unknown}
 i - a potion of mutation {unknown}
 m - a potion of cancellation {unknown}
 p - a potion of curing {unknown}
 q - a potion of ambrosia {unknown}
 t - a potion of heal wounds {unknown}
 z - 2 potions of degeneration {unknown}
Comestibles
 f - 2 bread rations
 l - 2 meat rations
 o - 3 royal jellies


   Skills:
 - Level 5.0 Fighting
 - Level 2.0 Axes
 - Level 3.2 Armour
 + Level 7.2 Shields


You had 5 spell levels left.
You didn't know any spells.

Dungeon Overview and Level Annotations

Branches:
Dungeon (3/15)

Altars:

Annotations:
D:3 grindst0ne's ghost, amateur FoFi


Innate Abilities, Weirdness & Mutations

You cannot be hasted, slowed, berserked, paralysed or teleported.
You can dig through walls and to a lower floor.
Your four strong arms can wield two-handed weapons with a shield.
You have a pair of large antennae on your head. (SInv)


Message History

Grindst0ne's ghost hits you!
Grindst0ne's ghost hits you but does no damage.
You closely miss grindst0ne's ghost.
Grindst0ne's ghost is lightly damaged.
Grindst0ne's ghost hits you.
You hit grindst0ne's ghost.
Grindst0ne's ghost is lightly damaged.
Grindst0ne's ghost hits you!
You hit grindst0ne's ghost.
Grindst0ne's ghost is moderately damaged.
Grindst0ne's ghost hits you.
* * * LOW HITPOINT WARNING * * *
Grindst0ne's ghost hits you.
* * * LOW HITPOINT WARNING * * *
All of the chunks of flesh in your inventory have rotted away.
(D) Dungeon
Where to? (Enter - D:3, ? - help) Grindst0ne's ghost is nearby!
Grindst0ne's ghost hits you!
You die...

#.#.# ##
#.#.#####.#
...######.#...>....
..............W....
...##...#.#######.#
#.....# {
#.....####
#.W........
##@..###### #####


You could see grindst0ne's ghost.

Vanquished Creatures
  Sigmund (D:2)
  Robin (D:2)
  3 adders (D:2)
  A gnoll (D:1)
  An ooze (D:2)
  2 worms (D:2)
  4 leopard geckos (D:2)
  3 giant cockroaches
  13 goblins
  12 hobgoblins
  2 jackals (D:2)
  2 quokkas (D:2)
  7 bats
  2 frilled lizards (D:2)
  12 kobolds
  7 rats
73 creatures vanquished.

Notes
Turn   | Place    | Note
-------+----------+-------------------------------------------
     0 | D:1      | grindst0ne the Formicid Fighter began the quest for the Orb.
     0 | D:1      | Reached XP level 1. HP: 18/18 MP: 1/1
   231 | D:1      | Reached XP level 2. HP: 25/25 MP: 2/2
   482 | D:1      | Reached XP level 3. HP: 22/31 MP: 3/3
   689 | D:2      | Reached skill level 5 in Fighting
   692 | D:2      | Reached XP level 4. HP: 38/39 MP: 4/4
   704 | D:2      | Reached skill level 4 in Shields
  1069 | D:2      | Noticed Sigmund
  1093 | D:2      | Killed Sigmund
  1093 | D:2      | Reached skill level 6 in Shields
  1093 | D:2      | Reached XP level 5. HP: 16/44 MP: 5/5
  1093 | D:2      | Reached XP level 6. HP: 19/51 MP: 6/6
  1323 | D:2      | Noticed Robin
  1357 | D:2      | Killed Robin
  1364 | D:2      | Reached skill level 7 in Shields
  1880 | D:3      | Noticed grindst0ne's ghost (amateur FoFi)
  1903 | D:3      | Slain by grindst0ne's ghost

Skill      XL: |  1  2  3  4  5  6 |
---------------+-------------------+-----
Fighting       | 4 5 |  5.0
Shields        | 6 7 |  7.2
Axes           | |  2.0
Armour         | |  3.2

Action                   |  1- 3 |  4- 6 || total
-------------------------+-------+-------++-------
Melee: War axe           |    60 |   141 ||   201
 Abil: Dig               |       |     5 ||     5
  Use: Potion            |       |     1 ||     1
  Eat: Chunk             |       |     4 ||     4
Armor: Scale mail        |    30 |    37 ||    67
Dodge: Dodged            |    35 |    49 ||    84
Block: Shield            |    49 |    81 ||   130
